| TOP OF THE 1ST |
|
University of Miami Hurricanes batting - Pitching for University of Virginia Cavaliers : RHP Jesus Castaneda
|
|
Pitching: RHP Jesus Castaneda
|
|
|
Batting: SHB Taylor Shelton
|
0-0: Called Strike 0-1: Fly out, F8 (Flyball, 89M, EV 83.1 MPH)
|
|
Batting: RHB Danny Gallardo
|
0-0: Ball 1-0: Ball 2-0: Swinging Strike 2-1: Called Strike 2-2: Strikes out swinging
|
|
Batting: RHB Burke Miller
|
0-0: Foul Ball, location: 2F 0-1: Swinging Strike 0-2: Strikes out swinging
|
| Top of the 1st over - 0 runs, 0 hits, 0 errors, 0 left on base; University of Miami 0 - University of Virginia 0 |
| BOTTOM OF THE 1ST |
|
University of Virginia Cavaliers batting - Pitching for University of Miami Hurricanes : RHP Alberto Arellano
|
|
Pitching: RHP Alberto Arellano
|
|
|
Batting: RHB Luke Bertrand
|
0-0: Called Strike 0-1: SINGLE (Line Drive, 89S, EV 99.4 MPH)
|
|
Batting: LHB Edelberto Barbas
|
0-0: Called Strike 0-1: Ball 1-1: DOUBLE (Groundball, 3L, EV 106.9 MPH) Luke Bertrand to third
|
|
Batting: LHB Alex Aguilar
|
0-0: Ball 1-0: Called Strike 1-1: Swinging Strike 1-2: DOUBLE (Groundball, 3L, EV 105.0 MPH) Luke Bertrand scores Edelberto Barbas scores
|
|
Batting: RHB Jose Velez
|
0-0: Called Strike 0-1: Foul Ball, location: 2F 0-2: TRIPLE (Flyball, 78XD, EV 108.1 MPH) Alex Aguilar scores
|
|
Batting: RHB Mike Llamas
|
0-0: Called Strike 0-1: DOUBLE (Line Drive, 78XD, EV 98.8 MPH) Jose Velez scores
|
|
Batting: LHB Ray Nichter
|
0-0: Ball 1-0: Ball 2-0: Fly out, F9 (Flyball, 9D, EV 92.5 MPH) Runner from 2nd tags up, SAFE at 3rd, no throw by RF
|
|
Batting: SHB Mink Hendriks
|
0-0: Called Strike 0-1: Ball 1-1: Called Strike 1-2: Strikes out swinging
|
|
Batting: RHB Scott Anderson
|
0-0: Called Strike 0-1: Called Strike 0-2: Ball 1-2: Strikes out swinging
|
| Bottom of the 1st over - 4 runs, 5 hits, 0 errors, 1 left on base; University of Miami 0 - University of Virginia 4 |
| TOP OF THE 2ND |
|
University of Miami Hurricanes batting - Pitching for University of Virginia Cavaliers : RHP Jesus Castaneda
|
|
Batting: LHB Hector Salazar
|
0-0: Called Strike 0-1: Foul Ball, location: 2F 0-2: Foul Ball, location: 2F 0-2: Ball 1-2: Strikes out looking
|
|
Batting: RHB Chris Zubia
|
0-0: Ground out 4-3 (Groundball, 4, EV 85.6 MPH)
|
|
Batting: LHB Brian Woods
|
0-0: Ground out 6-3 (Groundball, 6M, EV 90.0 MPH)
|
| Top of the 2nd over - 0 runs, 0 hits, 0 errors, 0 left on base; University of Miami 0 - University of Virginia 4 |
| BOTTOM OF THE 2ND |
|
University of Virginia Cavaliers batting - Pitching for University of Miami Hurricanes : RHP Alberto Arellano
|
|
Batting: RHB Nick Cech
|
0-0: Ball 1-0: Fly out, F3 (Popup, 34, EV 61.2 MPH)
|
|
Batting: RHB Luke Bertrand
|
0-0: Ball 1-0: Ball 2-0: Ground out 4-3 (Groundball, 34, EV 86.9 MPH)
|
|
Batting: LHB Edelberto Barbas
|
0-0: Ball 1-0: Ball 2-0: Ground out 4-3 (Groundball, 4S, EV 84.4 MPH)
|
| Bottom of the 2nd over - 0 runs, 0 hits, 0 errors, 0 left on base; University of Miami 0 - University of Virginia 4 |
| TOP OF THE 3RD |
|
University of Miami Hurricanes batting - Pitching for University of Virginia Cavaliers : RHP Jesus Castaneda
|
|
Batting: LHB Addergoole Kartosuwiryo
|
0-0: Ball 1-0: Called Strike 1-1: Foul Ball, location: 2F 1-2: Ball 2-2: Foul Ball, location: 2F 2-2: Ball 3-2: Foul Ball, location: 2F 3-2: Foul Ball, location: 2F 3-2: Base on Balls
|
|
Batting: RHB Mark Kerr
|
0-0: Grounds into double play, 6-4-3 (Groundball, 6, EV 89.4 MPH)
|
|
Batting: RHB Justin Jackson
|
0-0: Fly out, F9 (Flyball, 9, EV 81.2 MPH)
|
| Top of the 3rd over - 0 runs, 0 hits, 0 errors, 0 left on base; University of Miami 0 - University of Virginia 4 |
| BOTTOM OF THE 3RD |
|
University of Virginia Cavaliers batting - Pitching for University of Miami Hurricanes : RHP Alberto Arellano
|
|
Batting: LHB Alex Aguilar
|
0-0: Called Strike 0-1: Ball 1-1: Ball 2-1: Foul Ball, location: 2F 2-2: Strikes out swinging
|
|
Batting: RHB Jose Velez
|
0-0: DOUBLE (Line Drive, 89XD, EV 104.4 MPH)
|
|
Batting: RHB Mike Llamas
|
0-0: Ball 1-0: Ball 2-0: Called Strike 2-1: DOUBLE (Line Drive, 3D, EV 101.9 MPH) Jose Velez scores
|
|
Batting: LHB Ray Nichter
|
0-0: Swinging Strike 0-1: Called Strike 0-2: Ball 1-2: Foul Ball, location: 2F 1-2: Ball 2-2: Strikes out swinging
|
|
Batting: SHB Mink Hendriks
|
0-0: Called Strike 0-1: Ball 1-1: Called Strike 1-2: Strikes out looking
|
| Bottom of the 3rd over - 1 run, 2 hits, 0 errors, 1 left on base; University of Miami 0 - University of Virginia 5 |
| TOP OF THE 4TH |
|
University of Miami Hurricanes batting - Pitching for University of Virginia Cavaliers : RHP Jesus Castaneda
|
|
Batting: SHB Taylor Shelton
|
0-0: Called Strike 0-1: Called Strike 0-2: Strikes out swinging
|
|
Batting: RHB Danny Gallardo
|
0-0: Foul Ball, location: 2F 0-1: Foul Ball, location: 2F 0-2: Strikes out swinging
|
|
Batting: RHB Burke Miller
|
0-0: Foul Ball, location: 2F 0-1: Fly out, F9 (Flyball, 89S, EV 84.4 MPH)
|
| Top of the 4th over - 0 runs, 0 hits, 0 errors, 0 left on base; University of Miami 0 - University of Virginia 5 |
| BOTTOM OF THE 4TH |
|
University of Virginia Cavaliers batting - Pitching for University of Miami Hurricanes : RHP Alberto Arellano
|
|
Batting: RHB Scott Anderson
|
0-0: Ground out 4-3 (Groundball, 4M, EV 78.1 MPH)
|
|
Batting: RHB Nick Cech
|
0-0: Ball 1-0: Ball 2-0: Foul Ball, location: 2F 2-1: Called Strike 2-2: Fly out, F7 (Line Drive, 78S, EV 93.1 MPH)
|
|
Batting: RHB Luke Bertrand
|
0-0: Swinging Strike 0-1: SINGLE (Groundball, 56D, EV 98.8 MPH)
|
|
Pitching: RHP Terry Johnson
|
|
|
Batting: LHB Edelberto Barbas
|
0-0: Called Strike Luke Bertrand steals 2nd base 0-1: Fly out, F2 (Popup, 3SF, EV 70.6 MPH)
|
| Bottom of the 4th over - 0 runs, 1 hit, 0 errors, 1 left on base; University of Miami 0 - University of Virginia 5 |
| TOP OF THE 5TH |
|
University of Miami Hurricanes batting - Pitching for University of Virginia Cavaliers : RHP Jesus Castaneda
|
|
Batting: LHB Hector Salazar
|
0-0: Foul Ball, location: 2F 0-1: Ball 1-1: Called Strike 1-2: Ball 2-2: Ball 3-2: SINGLE (Groundball, 3S, EV 64.4 MPH) (infield hit)
|
|
Batting: RHB Chris Zubia
|
0-0: Called Strike 0-1: Called Strike 0-2: Strikes out swinging
|
|
Batting: LHB Brian Woods
|
0-0: Ball 1-0: Called Strike Hector Salazar steals 2nd base 1-1: SINGLE (Groundball, 6S, EV 65.0 MPH) (infield hit) Hector Salazar to third
|
|
Batting: LHB Addergoole Kartosuwiryo
|
0-0: Ball Brian Woods is caught stealing 2nd base 2-6 1-0: Foul Ball, location: 2F 1-1: Foul Ball, location: 2F 1-2: Strikes out swinging
|
| Top of the 5th over - 0 runs, 2 hits, 0 errors, 1 left on base; University of Miami 0 - University of Virginia 5 |
| BOTTOM OF THE 5TH |
|
University of Virginia Cavaliers batting - Pitching for University of Miami Hurricanes : RHP Terry Johnson
|
|
Batting: LHB Alex Aguilar
|
0-0: Ball 1-0: Fly out, F9 (Line Drive, 9LM, EV 91.9 MPH)
|
|
Batting: RHB Jose Velez
|
0-0: Ball 1-0: Called Strike 1-1: Ground out 4-3 (Groundball, 4MD, EV 109.4 MPH)
|
|
Batting: RHB Mike Llamas
|
0-0: Ball 1-0: Ball 2-0: Ball 3-0: Base on Balls
|
|
Batting: LHB Ray Nichter
|
0-0: Ball 1-0: Foul Ball, location: 2F 1-1: Ball 2-1: Foul Ball, location: 2F 2-2: Ball 3-2: Foul Ball, location: 2F 3-2: Base on Balls Mike Llamas to second
|
|
Batting: SHB Mink Hendriks
|
0-0: Ground out 4-3 (Groundball, 34, EV 79.4 MPH)
|
| Bottom of the 5th over - 0 runs, 0 hits, 0 errors, 2 left on base; University of Miami 0 - University of Virginia 5 |
| TOP OF THE 6TH |
|
University of Miami Hurricanes batting - Pitching for University of Virginia Cavaliers : RHP Jesus Castaneda
|
|
Batting: RHB Mark Kerr
|
0-0: Ball 1-0: Ground out 6-3 (Groundball, 6, EV 107.5 MPH)
|
|
Batting: RHB Justin Jackson
|
0-0: Called Strike 0-1: Foul Ball, location: 2F 0-2: Ball 1-2: Strikes out swinging
|
|
Batting: SHB Taylor Shelton
|
0-0: Ball 1-0: Foul Ball, location: 2F 1-1: Foul Ball, location: 2F 1-2: Ball 2-2: Ball 3-2: Strikes out swinging
|
| Top of the 6th over - 0 runs, 0 hits, 0 errors, 0 left on base; University of Miami 0 - University of Virginia 5 |
| BOTTOM OF THE 6TH |
|
University of Virginia Cavaliers batting - Pitching for University of Miami Hurricanes : RHP Terry Johnson
|
|
Batting: RHB Scott Anderson
|
0-0: Called Strike 0-1: Called Strike 0-2: Ball 1-2: Strikes out swinging
|
|
Batting: RHB Nick Cech
|
0-0: Ball 1-0: Ground out 6-3 (Groundball, 6, EV 110.0 MPH)
|
|
Batting: RHB Luke Bertrand
|
0-0: Ball 1-0: Ball 2-0: Foul Ball, location: 2F 2-1: Foul Ball, location: 2F 2-2: Ball 3-2: Foul Ball, location: 2F 3-2: Foul Ball, location: 2F 3-2: Ground out 1-3 (Groundball, 13S, EV 73.1 MPH)
|
| Bottom of the 6th over - 0 runs, 0 hits, 0 errors, 0 left on base; University of Miami 0 - University of Virginia 5 |
| TOP OF THE 7TH |
|
University of Miami Hurricanes batting - Pitching for University of Virginia Cavaliers : RHP Jesus Castaneda
|
|
Batting: RHB Danny Gallardo
|
0-0: Called Strike 0-1: Ball 1-1: Called Strike 1-2: Ball 2-2: Strikes out looking
|
|
Batting: RHB Burke Miller
|
0-0: Fly out, F9 (Flyball, 9, EV 90.6 MPH)
|
|
Batting: LHB Hector Salazar
|
0-0: Ball 1-0: Ball 2-0: Ball 3-0: Called Strike 3-1: Fly out, F8 (Line Drive, 8RD, EV 107.5 MPH)
|
| Top of the 7th over - 0 runs, 0 hits, 0 errors, 0 left on base; University of Miami 0 - University of Virginia 5 |
| BOTTOM OF THE 7TH |
|
University of Virginia Cavaliers batting - Pitching for University of Miami Hurricanes : RHP Terry Johnson
|
|
Batting: LHB Edelberto Barbas
|
0-0: Ball 1-0: Called Strike 1-1: Ball 2-1: Ball 3-1: Called Strike 3-2: Base on Balls
|
|
Batting: LHB Alex Aguilar
|
0-0: Ball 1-0: Foul Ball, location: 2F 1-1: Ball 2-1: Fly out, F8 (Flyball, 8RM, EV 90.0 MPH)
|
|
Batting: RHB Jose Velez
|
0-0: Called Strike Edelberto Barbas is caught stealing 2nd base 2-4 0-1: Ball 1-1: Foul Ball, location: 2F 1-2: Foul Ball, location: 2F 1-2: Ball 2-2: Foul Ball, location: 2F 2-2: Foul Ball, location: 2F 2-2: SINGLE (Groundball, 4S, EV 63.8 MPH) (infield hit)
|
|
Batting: RHB Mike Llamas
|
0-0: Called Strike 0-1: SINGLE (Line Drive, 34D, EV 96.2 MPH) Jose Velez to second Runner from 2nd tries for 3rd, SAFE, throw by RF made to third
|
|
Batting: LHB Ray Nichter
|
0-0: Ball 1-0: Ball 2-0: Ball 3-0: Called Strike 3-1: Foul Ball, location: 2F 3-2: Strikes out swinging
|
| Bottom of the 7th over - 0 runs, 2 hits, 0 errors, 2 left on base; University of Miami 0 - University of Virginia 5 |
| TOP OF THE 8TH |
|
University of Miami Hurricanes batting - Pitching for University of Virginia Cavaliers : RHP Jesus Castaneda
|
|
Batting: RHB Chris Zubia
|
0-0: Ball 1-0: Ball 2-0: Ball 3-0: Base on Balls
|
|
Batting: LHB Brian Woods
|
0-0: Called Strike 0-1: Ball 1-1: Ball 2-1: Fly out, F6 (Line Drive, 56D, EV 74.4 MPH)
|
|
Pitching: RHP Joe Miller
|
|
|
Batting: LHB Addergoole Kartosuwiryo
|
0-0: Called Strike 0-1: Foul Ball, location: 2F 0-2: Foul Ball, location: 2F 0-2: Foul Ball, location: 2F 0-2: Strikes out looking
|
|
Pinch Hitting: LHB Juan Zuniga
|
0-0: Swinging Strike 0-1: Ball 1-1: Ball 2-1: Swinging Strike 2-2: Strikes out swinging
|
| Top of the 8th over - 0 runs, 0 hits, 0 errors, 1 left on base; University of Miami 0 - University of Virginia 5 |
| BOTTOM OF THE 8TH |
|
University of Virginia Cavaliers batting - Pitching for University of Miami Hurricanes : RHP Terry Johnson
|
|
Now in CF: Juan Zuniga
|
|
|
Batting: SHB Mink Hendriks
|
0-0: Called Strike 0-1: Fly out, F5 (Popup, 5SF, EV 74.4 MPH)
|
|
Batting: RHB Scott Anderson
|
0-0: Ball 1-0: Ball 2-0: Fly out, F9 (Line Drive, 9S, EV 91.2 MPH)
|
|
Batting: RHB Nick Cech
|
0-0: Swinging Strike 0-1: Called Strike 0-2: DOUBLE (Line Drive, 5D, EV 104.4 MPH)
|
|
Pitching: RHP Wakina Olopoto
|
|
|
Batting: RHB Luke Bertrand
|
0-0: Ball 1-0: Ball 2-0: Ball 3-0: Foul Ball, location: 2F 3-1: Base on Balls
|
|
Batting: LHB Edelberto Barbas
|
0-0: Ball 1-0: Called Strike 1-1: Reached on error, E4 (Groundball, 4, EV 85.0 MPH) Nick Cech to third Luke Bertrand to second
|
|
Batting: LHB Alex Aguilar
|
0-0: Fly out, F9 (Flyball, 89M, EV 85.0 MPH)
|
| Bottom of the 8th over - 0 runs, 1 hit, 1 error, 3 left on base; University of Miami 0 - University of Virginia 5 |
| TOP OF THE 9TH |
|
University of Miami Hurricanes batting - Pitching for University of Virginia Cavaliers : RHP Joe Miller
|
|
Pinch Hitting: RHB Drew Morgenstern
|
0-0: Called Strike 0-1: Ball 1-1: Called Strike 1-2: Ball 2-2: Foul Ball, location: 2F 2-2: Strikes out swinging
|
|
Batting: SHB Taylor Shelton
|
0-0: Ball 1-0: Foul Ball, location: 2F 1-1: Swinging Strike 1-2: Ball 2-2: Strikes out swinging
|
|
Batting: RHB Danny Gallardo
|
0-0: Ball 1-0: Ball 2-0: Ball 3-0: Called Strike 3-1: SINGLE (Line Drive, 8LS, EV 95.6 MPH)
|
|
Batting: RHB Burke Miller
|
0-0: Ball 1-0: Ball 2-0: Swinging Strike 2-1: Called Strike 2-2: Strikes out swinging
|
| Top of the 9th over - 0 runs, 1 hit, 0 errors, 1 left on base; University of Miami 0 - University of Virginia 5 |
|